Map: Eternal Empire LE

Players

Asuna - Winner!

  • Race: Protoss Protoss
  • League: Master
  • Spawn Location: 7:00

Robbie (Rob)

  • Race: Protoss Protoss
  • League: Grandmaster
  • Spawn Location: 1:00

Event: DreamHack SC2 Masters 2020 Fall

VOD

Have the link to the VOD?

Description

Time

  • Played on: Sept. 4, 2020, 5:13 p.m.
  • Length: 13:50

All games in this series

Show
View Real Time Build Order
Export as new Build Order

Asuna Protoss - Winner!

Build Orders:  

Get SALT Encoding   

  12  0:00  Probe  
  13  0:12  Probe  
  14  0:17  Pylon  
  14  0:25  Probe (Chrono Boost)  
  15  0:37  Probe (Chrono Boost)  
  15  0:38  Gateway  
  16  0:45  Probe (Chrono Boost)  
  16  0:47  Assimilator  
  17  0:51  Probe  
  18  1:03  Probe (Chrono Boost)  
  19  1:05  Assimilator  
  19  1:15  Probe (Chrono Boost)  
  20  1:21  Probe (Chrono Boost)  
  20  1:24  Gateway  
  21  1:29  Cybernetics Core  
  21  1:31  Probe  
  22  1:38  Pylon  
  22  1:43  Probe  
  23  1:56  Probe  
  24  2:04  Warp Gate (Chrono Boost)  
  24  2:05  Stalker  
  26  2:12  Stalker  
  26  2:15  Pylon  
  28  2:19  Probe  
  29  2:35  Stalker  
  31  2:42  Stalker  
  33  2:46  Probe  
  34  2:59  Probe  
  35  3:06  Shield Battery  
  35  3:08  Stalker  
  37  3:17  Stalker  
  39  3:21  Pylon  
  38  3:35  Shield Battery  
  38  3:42  Nexus  
  36  3:59  Stalker x2  
  36  4:01  Probe  
  37  4:14  Probe  
  36  4:17  Gateway  
  36  4:23  Twilight Council  
  35  4:28  Adept  
  37  4:34  Probe  
  36  4:47  Probe  
  36  4:49  Stargate  
  36  4:51  Stargate  
  37  4:53  Pylon  
  37  4:54  Probe  
  37  4:59  Probe  
  39  5:00  Shield Battery  
  39  5:07  Probe  
  39  5:13  Stalker  
  42  5:17  Stalker  
  44  5:24  Stalker  
  45  5:35  Assimilator  
  44  5:36  Phoenix (Chrono Boost)  
  44  5:38  Phoenix (Chrono Boost)  
  48  5:46  Probe (Chrono Boost)  
  48  5:47  Probe (Chrono Boost)  
  50  5:53  Phoenix (Chrono Boost)  
  50  5:56  Protoss Air Weapons Level 1  
  52  6:01  Phoenix  
  52  6:02  Probe (Chrono Boost)  
  52  6:03  Probe (Chrono Boost)  
  56  6:06  Assimilator  
  56  6:13  Probe  
  51  6:25  Stalker x2  
  51  6:26  Stalker  
  57  6:34  Probe x2  
  59  6:43  Pylon  
  59  6:46  Probe x2  
  61  6:57  Pylon  
  61  6:58  Probe  
  62  7:01  Phoenix, Probe  
  62  7:07  Robotics Facility  
  65  7:10  Probe  
  65  7:11  Stalker x2  
  65  7:15  Probe  
  69  7:23  Probe  
  69  7:26  Phoenix  
  69  7:27  Probe  
  71  7:35  Probe  
  72  7:38  Phoenix  
  72  7:42  Pylon  
  72  7:44  Nexus  
  74  7:54  Observer (Chrono Boost)  
  74  7:55  Pylon  
  74  7:57  Forge  
  74  7:58  Probe x2  
  77  8:02  Phoenix  
  79  8:09  Sentry x2  
  79  8:10  Probe  
  79  8:11  Probe  
  85  8:15  Shield Battery  
  85  8:16  Shield Battery  
  85  8:22  Probe  
  85  8:24  Immortal (Chrono Boost)  
  85  8:25  Protoss Ground Weapons Level 1 (Chrono Boost)  
  90  8:40  Gateway x2  
  90  8:44  Twilight Council  
  88  9:04  Immortal  
  88  9:05  Stalker x3  
  94  9:12  Probe x2, Charge  
  94  9:13  Probe  
  95  9:24  Probe  
  95  9:25  Probe x2  
  95  9:26  Pylon  
  95  9:28  Pylon  
  98  9:33  Photon Cannon  
  98  9:37  Probe  
  99  9:47  Probe  
  99  9:50  Assimilator  
  96  9:53  Assimilator  
  96  9:59  Immortal (Chrono Boost)  
  92  10:04  Photon Cannon  
  96  10:07  Shield Battery  
  96  10:09  Photon Cannon  
  96  10:12  Gateway  
  96  10:13  Gateway  
  96  10:16  Sentry x2  
  96  10:19  Gateway  
  100  10:22  Pylon  
  100  10:23  Pylon  
  100  10:25  Protoss Ground Weapons Level 2 (Chrono Boost)  
  98  10:32  Warp Prism, Templar Archives  
  100  10:37  Gateway  
  100  10:39  Gateway  
  98  10:45  Zealot x3  
  104  10:52  Pylon  
  104  10:55  Zealot x2  
  108  10:59  Gateway  
  106  11:23  High Templar x2  
  106  11:24  Zealot x3, High Templar x2, Immortal (Chrono Boost)  
  106  11:25  Zealot  
  118  11:28  Archon  
  118  11:29  Archon  
  118  11:31  Phoenix x2  
  126  11:45  Zealot x2, High Templar x2, Nexus  
  134  11:49  Zealot  
  134  11:50  Archon  
  136  11:58  Photon Cannon  
  128  12:03  Observer (Chrono Boost)  
  128  12:06  Photon Cannon  
  129  12:27  Observer  
  129  12:28  Zealot  
  129  12:29  Zealot x2  
  126  12:35  Zealot x2  
  120  12:46  Observer  
  101  13:02  Immortal  
  97  13:14  Zealot x4  
  89  13:30  Photon Cannon  
  85  13:43  Zealot  
  85  13:44  Zealot  
Show
View Real Time Build Order
Export as new Build Order

Robbie Protoss 

Build Orders:  

Get SALT Encoding   

  12  0:00  Probe  
  13  0:12  Probe  
  14  0:19  Pylon  
  14  0:24  Probe  
  15  0:37  Gateway  
  15  0:38  Probe (Chrono Boost)  
  16  0:46  Probe (Chrono Boost)  
  17  0:51  Assimilator  
  17  0:52  Probe  
  18  0:58  Assimilator  
  18  1:04  Probe  
  19  1:14  Gateway  
  19  1:17  Probe  
  20  1:28  Cybernetics Core  
  20  1:29  Probe  
  21  1:41  Pylon, Probe  
  22  1:52  Pylon  
  22  1:53  Probe  
  23  2:04  Adept x2 (Chrono Boost)  
  23  2:05  Warp Gate  
  27  2:09  Probe  
  28  2:31  Stalker x2 (Chrono Boost)  
  32  2:48  Pylon  
  32  2:52  Stargate  
  32  3:12  Stalker x2  
  36  3:20  Shield Battery  
  36  3:29  Void Ray  
  40  3:44  Stalker x2  
  40  4:06  Nexus  
  40  4:09  Void Ray (Chrono Boost)  
  42  4:29  Probe  
  41  4:41  Stalker, Adept, Probe  
  46  4:52  Pylon  
  46  5:09  Void Ray (Chrono Boost)  
  46  5:10  Probe  
  47  5:18  Probe  
  52  5:22  Probe  
  53  5:30  Probe  
  53  5:34  Probe  
  51  5:36  Twilight Council  
  51  5:41  Stalker x2  
  51  5:42  Probe  
  56  5:47  Probe  
  57  5:53  Forge  
  57  5:54  Probe  
  58  5:59  Probe  
  58  6:01  Gateway  
  59  6:06  Probe  
  59  6:10  Stalker  
  62  6:19  Probe  
  53  6:30  Blink (Chrono Boost)  
  43  6:33  Probe x2, Stalker x2  
  43  6:36  Assimilator x2  
  45  6:41  Protoss Ground Weapons Level 1 (Chrono Boost)  
  45  6:45  Probe x2  
  47  6:53  Gateway  
  47  6:57  Probe  
  47  6:58  Gateway, Probe  
  48  7:05  Stalker  
  49  7:10  Probe x2  
  49  7:12  Stalker  
  49  7:13  Stalker  
  52  7:33  Stalker  
  52  7:36  Stalker  
  52  7:37  Stalker  
  58  7:40  Photon Cannon  
  58  7:48  Stalker  
  60  7:53  Robotics Facility, Stalker  
  62  8:02  Pylon  
  62  8:03  Pylon  
  62  8:12  Probe  
  62  8:20  Probe  
  62  8:21  Stalker x3  
  62  8:23  Stalker  
  71  8:37  Stalker  
  72  8:48  Stalker x3  
  60  9:11  Stalker x5  
  64  9:23  Dark Shrine  
  62  9:33  Observer  
  59  9:46  Probe  
  59  9:47  Probe  
  59  9:48  Nexus  
  55  10:01  Stalker x5  
  55  10:06  Warp Prism (Chrono Boost)  
  67  10:15  Probe (Chrono Boost)  
  67  10:18  Probe (Chrono Boost), Pylon  
  68  10:29  Probe (Chrono Boost)  
  68  10:31  Probe (Chrono Boost)  
  69  10:35  Probe  
  69  10:39  Probe  
  71  10:44  Stalker x3  
  71  10:47  Probe  
  78  10:51  Probe  
  78  10:56  Stalker x2  
  83  11:02  Probe x2  
  83  11:03  Probe  
  86  11:14  Probe x2  
  85  11:18  Stalker x3  
  89  11:31  Probe x2  
  87  11:34  Shield Battery  
  87  11:35  Shield Battery  
  87  11:37  Dark Templar x2  
  91  11:40  Shield Battery  
  91  11:41  Dark Templar x2  
  91  11:42  Dark Templar  
  93  12:08  Pylon  
  93  12:10  Pylon  
  93  12:12  Pylon  
  93  12:15  Observer  
  71  12:18  Stalker  
  71  12:19  Stalker x4  
  52  12:48  Dark Templar x3  
  23  13:23  Dark Templar  

Tags
 
Add a new tag
Caveats
  • Supply blocks, unpowered buildings, or Contaminate may cause inaccurate times.
  • Supply counts are checked every 10 seconds.